Map: Ice Cliffs

Players

fox

  • Race: Protoss Protoss

gilad

  • Race: Protoss Protoss

rudi

  • Race: Zerg Zerg

Gracz - Winner!

  • Race: Zerg Zerg

JackZ - Winner!

  • Race: Terran Terran

Belly - Winner!

  • Race: Zerg Zerg

VOD

Have the link to the VOD?

Description

Time

  • Played on: March 5, 2016, 5:29 a.m.
  • Length: 16:40
Show
View Real Time Build Order
Export as new Build Order

fox Protoss 

Build Orders:  

Get SALT Encoding   

  12  0:04  Probe (Chrono Boost)  
  13  0:15  Probe (Chrono Boost)  
  14  0:22  Pylon  
  14  0:33  Probe (Chrono Boost)  
  15  0:43  Probe (Chrono Boost)  
  16  0:54  Probe (Chrono Boost)  
  17  1:04  Probe (Chrono Boost)  
  18  1:13  Assimilator  
  18  1:19  Assimilator  
  18  1:26  Pylon  
  18  1:30  Probe (Chrono Boost)  
  19  1:41  Probe (Chrono Boost)  
  20  1:52  Probe (Chrono Boost)  
  21  1:57  Gateway  
  21  2:01  Forge  
  21  2:02  Probe (Chrono Boost)  
  22  2:13  Probe (Chrono Boost)  
  23  2:18  Pylon  
  23  2:23  Probe (Chrono Boost)  
  24  2:32  Pylon  
  24  2:50  Photon Cannon  
  24  2:53  Photon Cannon  
  24  2:57  Photon Cannon  
  24  2:59  Photon Cannon  
  24  3:02  Photon Cannon  
  23  4:04  Cybernetics Core  
  23  4:15  Pylon  
  23  4:23  Probe (Chrono Boost)  
  24  5:09  Stargate  
  24  5:10  Stargate  
  24  5:13  Stargate  
  24  5:15  Stargate  
  24  5:17  Nexus  
  24  5:23  Pylon  
  24  5:26  Pylon  
  24  5:29  Pylon  
  24  5:32  Assimilator  
  24  5:35  Assimilator  
  25  5:42  Probe (Chrono Boost)  
  25  5:53  Probe (Chrono Boost)  
  26  5:57  Photon Cannon  
  26  6:00  Photon Cannon  
  26  6:03  Probe (Chrono Boost)  
  27  6:10  Photon Cannon  
  27  6:13  Photon Cannon  
  27  6:14  Probe (Chrono Boost)  
  27  6:15  Photon Cannon  
  28  6:18  Photon Cannon  
  28  6:25  Probe (Chrono Boost)  
  29  6:30  Probe (Chrono Boost)  
  30  6:39  Probe (Chrono Boost)  
  31  6:40  Probe (Chrono Boost)  
  32  6:49  Probe (Chrono Boost)  
  32  6:51  Probe (Chrono Boost)  
  34  7:00  Probe (Chrono Boost)  
  35  7:01  Probe (Chrono Boost)  
  36  7:10  Probe (Chrono Boost)  
  36  7:12  Probe (Chrono Boost)  
  38  7:17  Fleet Beacon  
  37  8:01  Tempest x3  
  37  8:02  Tempest  
  52  8:42  Probe (Chrono Boost)  
  53  8:51  Tempest x3  
  53  8:52  Tempest  
  68  9:11  Robotics Facility  
  68  9:54  Tempest x4  
  84  10:12  Observer  
  85  10:37  Tempest x2  
  93  13:20  Tempest  
  93  13:32  Tempest  
  93  13:33  Tempest  
  92  13:34  Tempest  
  80  14:03  Tempest  
  84  14:14  Tempest  
  84  14:16  Tempest  
  92  14:23  Tempest  
  60  14:46  Tempest  
  64  14:57  Tempest  
  64  14:58  Tempest  
  72  15:06  Tempest  
  64  15:29  Tempest  
Show
View Real Time Build Order
Export as new Build Order

gilad Protoss 

Build Orders:  

Get SALT Encoding   

  12  0:02  Probe (Chrono Boost)  
  13  0:13  Probe (Chrono Boost)  
  14  0:23  Probe (Chrono Boost)  
  14  0:26  Pylon  
  15  0:44  Probe (Chrono Boost)  
  15  0:47  Gateway  
  16  0:51  Gateway  
  16  1:00  Gateway  
  16  1:11  Gateway  
  16  1:39  Zealot (Chrono Boost)  
  20  1:43  Zealot (Chrono Boost)  
  20  1:53  Pylon, Zealot (Chrono Boost)  
  22  1:54  Pylon  
  22  2:11  Zealot (Chrono Boost)  
  22  2:15  Zealot x2 (Chrono Boost)  
  28  2:20  Zealot (Chrono Boost)  
  30  2:35  Zealot (Chrono Boost)  
  32  2:42  Zealot x2 (Chrono Boost)  
  38  2:47  Zealot (Chrono Boost)  
  38  4:13  Zealot (Chrono Boost)  
  18  5:23  Zealot (Chrono Boost)  
  18  5:26  Zealot (Chrono Boost)  
  18  5:27  Zealot x2 (Chrono Boost)  
  26  5:31  Forge  
  26  5:47  Zealot (Chrono Boost)  
  30  5:53  Zealot (Chrono Boost)  
  30  5:54  Zealot x2 (Chrono Boost)  
  34  6:10  Zealot (Chrono Boost)  
  38  6:20  Zealot (Chrono Boost)  
  38  6:35  Protoss Shields Level 1  
  38  7:53  Assimilator  
  38  7:54  Probe  
  38  7:55  Assimilator  
  39  8:55  Cybernetics Core  
  39  9:30  Nexus  
  39  9:45  Nexus  
  39  9:58  Protoss Ground Armor Level 1  
  39  10:09  Twilight Council  
  39  10:19  Assimilator  
  39  10:24  Assimilator  
  39  10:29  Pylon  
  39  10:32  Pylon  
  39  10:47  Pylon, Probe  
  39  10:49  Pylon  
  40  10:51  Pylon  
  40  10:55  Pylon  
  40  10:59  Probe  
  41  11:18  Probe  
  42  11:30  Probe  
  43  11:38  Charge  
  43  11:40  Probe  
  43  11:45  Adept (Chrono Boost)  
  52  11:48  Adept (Chrono Boost)  
  52  11:49  Adept x2 (Chrono Boost)  
  52  11:51  Probe  
  52  11:52  Protoss Ground Weapons Level 1  
  53  12:01  Probe  
  54  12:12  Probe  
  55  12:22  Probe  
  56  12:33  Probe  
  57  13:18  Resonating Glaives  
Show
View Real Time Build Order
Export as new Build Order

rudi Zerg 

Build Orders: Hatch First 

Get SALT Encoding   

  12  0:27  Drone  
  13  0:35  Hatchery  
  12  0:57  Spawning Pool  
  12  0:58  Drone  
  12  1:02  Drone  
  13  1:15  Drone  
  13  1:17  Overlord  
  14  1:48  Drone  
  14  1:50  Queen  
  14  1:51  Drone x3  
  20  1:56  Extractor  
  20  1:58  Extractor  
  18  2:04  Drone  
  19  2:09  Roach Warren  
  18  2:18  Spine Crawler  
  17  2:23  Drone  
  17  2:25  Drone  
  19  2:45  Drone x2  
  19  2:46  Drone  
  19  2:50  Drone x2  
  24  2:51  Drone  
  25  3:11  Queen  
  27  3:15  Zergling x2  
  27  3:19  Overlord  
  27  3:29  Extractor  
  26  3:40  Drone x3  
  30  3:48  Drone x3  
  32  4:02  Roach x2  
  36  4:07  Overlord x2  
  36  4:27  Roach x5  
  46  4:33  Lair  
  46  5:02  Drone x3  
  49  5:12  Evolution Chamber  
  49  5:14  Evolution Chamber  
  47  5:16  Roach x2  
  47  5:17  Overlord x4  
  50  5:40  Ravager x5  
  50  5:41  Ravager x2  
  57  5:43  Ravager x2  
  57  5:47  Zerg Missile Weapons Level 1  
  59  5:54  Glial Reconstitution  
  54  6:14  Overlord  
  54  6:17  Spore Crawler  
  53  6:20  Drone x2  
  53  6:22  Spine Crawler  
  54  6:37  Drone x2  
  53  6:59  Zergling x18  
  62  7:05  Baneling Nest  
  62  7:06  Drone  
  61  7:47  Drone x2  
  61  7:48  Drone  
  64  8:03  Zerg Melee Weapons Level 1, Zerg Ground Armor Level 1  
  64  8:05  Tunneling Claws  
  64  8:06  Centrifical Hooks  
  64  8:09  Overlord x3  
  64  8:10  Zergling x4  
  64  8:11  Zergling x6  
  69  8:15  Metabolic Boost  
  69  9:37  Drone  
  69  9:38  Drone x2  
  72  9:44  Zergling x2  
  72  9:45  Zergling x12  
  79  9:50  Baneling  
  79  9:51  Baneling x17  
  79  10:24  Zerg Ground Armor Level 2, Zerg Melee Weapons Level 2  
  79  10:31  Infestation Pit  
  78  10:35  Drone  
  78  10:36  Drone x2  
  78  10:39  Extractor  
  80  10:49  Roach x2  
  88  10:50  Roach x3  
  85  11:07  Zergling x10  
  85  11:10  Hive  
  90  11:12  Burrow  
  90  11:15  Overlord x2  
  90  12:06  Overseer  
  90  12:14  Baneling  
  90  12:15  Baneling x9  
  90  12:23  Pneumatized Carapace  
  90  12:26  Adrenal Glands  
  90  12:47  Hydralisk Den  
  89  13:00  Roach x5  
  88  13:14  Zerg Melee Weapons Level 3  
  71  13:43  Roach x5  
  60  14:06  Roach x5  
  52  14:14  Roach x12  
  44  14:50  Zergling x2  
  44  14:51  Zergling x4  
Show
View Real Time Build Order
Export as new Build Order

Gracz Zerg - Winner!

Build Orders: Pool First 

Get SALT Encoding   

  12  0:06  Drone  
  13  0:08  Drone  
  14  0:28  Overlord  
  14  0:46  Drone  
  14  0:47  Drone x2  
  17  0:52  Extractor  
  16  1:25  Drone x3  
  19  1:39  Spawning Pool  
  18  1:48  Drone  
  18  1:49  Drone  
  20  2:08  Extractor  
  20  2:13  Evolution Chamber  
  18  2:29  Metabolic Boost  
  18  2:31  Zergling x4  
  18  2:32  Zergling x2  
  21  2:43  Overlord  
  21  2:57  Overlord  
  21  3:01  Queen  
  23  3:15  Drone  
  24  3:21  Drone  
  25  3:55  Hatchery  
  23  4:09  Drone x3  
  24  4:31  Zergling x2  
  25  4:58  Zergling x4  
  27  5:13  Drone  
  28  5:24  Lair  
  28  5:25  Extractor  
  27  5:32  Roach Warren  
  26  6:18  Zerg Ground Armor Level 1  
  26  6:22  Drone x3  
  26  6:24  Drone x2  
  26  6:25  Drone  
  32  6:29  Queen, Extractor  
  33  6:33  Burrow  
  33  6:36  Roach  
  35  6:57  Baneling Nest  
  34  7:08  Spire  
  33  7:12  Zergling x6  
  36  7:26  Infestation Pit  
  35  7:51  Zergling x6  
  35  7:56  Drone x2  
  35  7:57  Drone  
  41  8:12  Zerg Missile Weapons Level 1  
  41  8:24  Hydralisk Den  
  40  8:41  Mutalisk x2  
  40  8:43  Nydus Network, Overlord  
  43  9:01  Muscular Augments  
  43  9:06  Neural Parasite  
  43  9:09  Zerg Flyer Weapons Level 1  
  43  9:19  Mutalisk x2  
  47  9:56  Nydus Canal  
  47  10:04  Mutalisk x2  
  47  10:06  Zerg Melee Weapons Level 1, Overlord  
  51  10:23  Overlord x3  
  51  10:25  Pathogen Glands, Corruptor  
  51  10:27  Corruptor  
  55  10:50  Corruptor x2  
  55  10:54  Corruptor x2  
  63  11:03  Zerg Flyer Armor Level 1  
  63  11:46  Hive  
  63  12:11  Corruptor x3  
  69  12:19  Corruptor x3  
  75  12:34  Nydus Canal  
  75  12:50  Hydralisk x3  
  81  13:14  Zergling x6  
  84  13:42  Overlord x3  
  81  14:41  Corruptor  
  81  14:42  Corruptor x2  
  87  14:46  Greater Spire  
  87  15:37  Zergling x4  
  87  15:41  Zergling x2  
Show
View Real Time Build Order
Export as new Build Order

JackZ Terran - Winner!

Build Orders: Reaper Expand 

Get SALT Encoding   

  12  0:02  SCV  
  13  0:15  SCV  
  14  0:23  Supply Depot  
  14  0:27  Refinery  
  14  0:28  SCV  
  15  0:45  SCV  
  15  0:47  Barracks  
  16  0:58  SCV  
  17  1:28  SCV  
  18  1:35  Reaper  
  19  1:42  Command Center  
  19  1:49  Orbital Command  
  19  1:56  Refinery  
  19  2:05  Factory  
  19  2:14  Barracks Reactor  
  19  2:19  SCV  
  20  2:40  SCV  
  21  2:53  Supply Depot  
  21  2:54  Starport  
  21  2:58  SCV  
  22  3:00  Orbital Command  
  22  3:02  Barracks Tech Lab  
  22  3:23  SCV  
  22  3:26  Widow Mine x2  
  27  3:29  Supply Depot, Marauder  
  29  3:35  SCV  
  27  3:59  Medivac, Widow Mine x2  
  27  4:01  Marauder  
  35  4:24  Supply Depot, Marauder  
  37  4:29  Orbital Command  
  36  4:41  Medivac, Widow Mine  
  36  4:45  Marauder  
  42  4:56  SCV  
  43  5:01  SCV  
  43  5:06  Marauder  
  46  5:20  Widow Mine x2  
  50  5:33  SCV  
  51  5:36  SCV  
  52  5:44  Barracks  
  52  5:45  SCV  
  52  5:48  SCV  
  54  6:22  Combat Shields  
  54  6:28  Supply Depot  
  54  6:36  Barracks Reactor  
  54  6:39  Barracks  
  54  6:44  Widow Mine  
  54  6:49  SCV x2, Widow Mine  
  54  6:50  Supply Depot  
  58  7:02  SCV x2  
  60  7:13  Widow Mine  
  60  7:15  Marine x2  
  64  7:16  Marauder  
  64  7:17  Widow Mine  
  66  7:35  Supply Depot  
  66  7:41  Widow Mine, Stimpack  
  66  7:42  Starport Reactor, Barracks Reactor  
  64  7:45  Engineering Bay  
  64  7:58  Widow Mine  
  66  8:08  Marine x2  
  66  8:09  Marauder  
  66  8:10  Barracks, Widow Mine  
  72  8:16  Refinery  
  72  8:18  Refinery  
  72  8:20  SCV  
  72  8:21  SCV  
  72  8:24  Supply Depot  
  72  8:26  Barracks  
  74  8:27  Terran Infantry Weapons Level 1  
  74  8:33  SCV  
  75  8:40  Marine x2  
  77  8:45  Medivac x2  
  77  8:46  Marauder  
  77  8:47  Supply Depot  
  83  8:57  Marine x2  
  83  9:00  Barracks Tech Lab  
  85  9:08  Supply Depot  
  85  9:09  Marine, Supply Depot, Marauder  
  88  9:23  Barracks Tech Lab, Supply Depot  
  88  9:30  Supply Depot, Marauder  
  88  9:35  Supply Depot  
  88  9:49  Marine x4, Marauder x2  
  96  9:53  Concussive Shells  
  96  9:56  Supply Depot  
  96  9:57  Marine, Supply Depot  
  96  9:58  Supply Depot  
  97  10:00  Command Center  
  97  10:06  Marine  
  97  10:07  Marine  
  98  10:10  Marauder  
  98  10:12  Marine  
  98  10:13  Marine, Marauder  
  105  10:15  Marine  
  105  10:19  Viking x2  
  110  10:23  Supply Depot  
  110  10:24  Marine x2  
  110  10:26  Engineering Bay  
  112  10:30  Marine x2  
  112  10:31  Marauder  
  112  10:33  Marine, Supply Depot  
  112  10:35  Marauder  
  119  10:42  Marine x2  
  121  10:50  Armory  
  121  10:51  Marauder  
  121  10:52  Terran Infantry Armor Level 1  
  123  10:58  Missile Turret  
  123  11:03  Marine  
  123  11:04  Marine x2, Marauder  
  125  11:05  Marauder  
  130  11:12  Planetary Fortress  
  130  11:17  Supply Depot  
  130  11:18  Missile Turret, Marine  
  130  11:22  Missile Turret  
  131  11:29  SCV x2  
  131  11:32  Marine x2  
  134  11:33  Marauder x2  
  134  11:38  Missile Turret  
  139  11:40  Supply Depot, Terran Infantry Weapons Level 2  
  139  11:42  Missile Turret  
  139  11:47  Widow Mine x2  
  143  12:02  Missile Turret  
  143  12:07  SCV x2  
  145  12:12  SCV  
  145  12:13  Marine x2  
  145  12:14  Marine x2, Marauder x2  
  154  12:16  Supply Depot  
  154  12:21  Missile Turret  
  154  12:22  Supply Depot  
  154  12:30  Marine  
  154  12:31  Marine x2  
  154  12:35  Marauder  
  159  12:40  Supply Depot  
  159  12:46  SCV  
  159  12:47  Refinery, SCV x2  
  162  12:54  Marine x2  
  162  12:55  Marine x2, Marauder x2  
  162  12:57  Marauder  
  172  13:02  Terran Infantry Armor Level 2  
  172  13:03  Supply Depot  
  170  13:16  Marauder  
  127  13:45  Marine x3  
  127  13:46  Marine  
  127  13:47  Marine x2  
  119  13:48  Marauder  
  113  14:03  Marine x4  
  113  14:04  Medivac x2  
  113  14:05  Marauder  
  113  14:06  Widow Mine x2, Marauder  
  129  14:10  Marauder  
  129  14:21  Marine x2  
  131  14:27  Marauder  
  133  14:33  Marine x2  
  133  14:34  Medivac x2, Marauder x2  
  133  14:35  Widow Mine  
  145  14:38  Marine  
  145  14:39  Marine  
  145  14:41  Widow Mine  
  149  15:09  Marine  
  149  15:10  Marine  
  151  15:18  Hi-Sec Auto Tracking  
  151  15:33  Command Center  
  151  15:58  Marine x2  
  151  15:59  Marine x3, Marauder x2  
  160  16:16  Marine  
  160  16:17  Marauder  
Show
View Real Time Build Order
Export as new Build Order

Belly Zerg - Winner!

Build Orders: Hatch First 

Get SALT Encoding   

  12  0:03  Drone  
  13  0:19  Drone  
  14  0:40  Hatchery  
  13  0:44  Drone  
  13  0:46  Overlord  
  14  1:06  Spawning Pool, Drone  
  14  1:18  Drone x2  
  16  1:19  Extractor  
  16  1:22  Drone  
  16  1:31  Drone  
  17  1:53  Drone x3  
  20  1:56  Queen  
  22  2:07  Drone x2  
  24  2:09  Queen  
  26  2:17  Extractor, Drone x2  
  27  2:23  Drone  
  27  2:29  Overlord  
  28  2:39  Lair  
  28  2:54  Drone x4  
  32  3:08  Drone  
  32  3:09  Drone x3  
  36  3:15  Roach Warren  
  35  3:20  Overlord x2  
  35  3:48  Zergling x12  
  41  3:49  Zergling x2  
  42  3:58  Hatchery  
  42  3:59  Spine Crawler, Extractor x2  
  38  4:04  Roach  
  38  4:05  Roach  
  38  4:43  Roach  
  38  4:44  Roach x7  
  38  4:45  Zergling x2  
  52  4:53  Glial Reconstitution  
  52  5:07  Overlord x2  
  52  5:08  Overlord x2  
  52  5:09  Queen  
  54  5:19  Ravager  
  54  5:20  Ravager  
  56  5:23  Ravager x2  
  56  5:27  Drone x4  
  56  5:28  Drone x2  
  64  5:40  Queen  
  64  5:42  Drone x2  
  68  5:45  Drone x2  
  70  5:58  Roach x3  
  76  6:05  Ravager x4  
  80  6:12  Extractor  
  80  6:13  Drone  
  80  6:14  Extractor, Drone x5  
  80  6:15  Drone  
  85  6:33  Drone x3  
  85  6:34  Drone  
  85  6:35  Drone  
  85  6:36  Overlord x3  
  90  7:02  Metabolic Boost  
  90  7:03  Infestation Pit  
  89  7:08  Drone  
  89  7:09  Drone x4  
  89  7:10  Drone x3  
  89  7:11  Drone x3  
  100  7:17  Spore Crawler  
  100  7:19  Spore Crawler  
  100  7:20  Spore Crawler  
  97  7:34  Roach  
  97  7:35  Roach x6  
  111  7:43  Evolution Chamber  
  110  7:45  Evolution Chamber  
  110  7:48  Evolution Chamber  
  108  7:59  Drone x2  
  108  8:00  Drone  
  111  8:08  Roach  
  113  8:28  Zerg Missile Weapons Level 1  
  113  8:29  Hatchery  
  113  8:30  Zerg Melee Weapons Level 1, Zerg Ground Armor Level 1  
  113  8:32  Hive  
  112  8:37  Spire  
  112  8:39  Drone  
  112  8:40  Drone x2  
  114  8:43  Overlord x2  
  114  8:44  Overlord x5  
  114  8:54  Overseer x2  
  114  9:31  Roach x8  
  124  9:32  Roach x11  
  124  9:33  Roach  
  154  9:40  Ravager x11  
  154  9:41  Ravager x2  
  167  10:04  Greater Spire  
  167  10:06  Corruptor x4  
  175  10:21  Ravager  
  175  10:23  Overlord x2  
  175  10:24  Overlord x3  
  176  10:50  Corruptor x5  
  176  10:51  Corruptor  
  188  11:15  Extractor  
  188  11:17  Hatchery  
  188  11:18  Extractor  
  185  11:26  Corruptor x2  
  185  11:27  Corruptor x4  
  185  11:28  Spine Crawler  
  185  11:30  Spine Crawler x2  
  194  12:02  Spore Crawler  
  194  12:03  Spore Crawler  
  192  12:09  Zerg Ground Armor Level 2, Zerg Missile Weapons Level 2  
  192  12:10  Zerg Melee Weapons Level 2  
  192  12:12  Zerg Flyer Weapons Level 1  
  192  12:18  Drone  
  192  12:19  Drone x2  
  195  12:43  Overseer  
  195  13:08  Drone x3  
  195  13:10  Queen  
  195  14:07  Zerg Flyer Armor Level 1  
  195  14:12  Spine Crawler  
  195  14:14  Mutalisk x2  
  195  14:15  Spine Crawler, Mutalisk  
  199  14:18  Spine Crawler  
  171  14:55  Corruptor x6  
  171  14:56  Corruptor x4  
  171  14:57  Zergling x8  
  171  14:58  Zergling x8  
  199  15:28  Brood Lord  
  199  15:31  Overlord x4  
  199  15:36  Overseer  
  176  16:09  Corruptor  
  176  16:10  Roach x2, Corruptor x5  
  176  16:11  Roach x2, Zergling x8, Corruptor  
  193  16:30  Ravager x6  
Tags
 
Add a new tag
Caveats
  • Supply blocks, unpowered buildings, or Contaminate may cause inaccurate times.
  • Supply counts are checked every 10 seconds.